 Dungeon Crawl Stone Soup version 0.28.0-53-g5a82cb258f (webtiles) character file.

Game seed: 2873830602733971486

81819 Desron the Severer (level 15, -16/202 HPs)
             Began as a Minotaur Berserker on July 24, 2022.
             Was the Champion of Trog.
             Hit by a large rock thrown by a cyclops (26 damage)
             ... on level 2 of the Orcish Mines on July 25, 2022.
             The game lasted 00:56:54 (20150 turns).

Desron the Severer (Minotaur Berserker)            Turns: 20150, Time: 00:56:55

Health: -16/202    AC: 22    Str: 29    XL:     15   Next: 27%
Magic:  14/14      EV: 14    Int:  4    God:    Trog [******]
Gold:   1869       SH:  0    Dex: 16    Spells: 14/14 levels left

rFire   . . .      SeeInvis .   i - +7 executioner's axe of Guilt {flame, rPois Will+ rCorr}
rCold   + . .      Faith    .   (shield currently unavailable)
rNeg    . . .      Spirit   .   W - +2 plate armour of Dim Light {rPois rC+ Stlth+}
rPois   +          Reflect  .   (helmet restricted)
rElec   .          Harm     .   T - +2 cloak
rCorr   +          Rampage  .   J - +0 pair of gloves
Will    ++...                   (no boots)
Stlth   ..........              y - amulet of regeneration
HPRegen 1.23/turn               K - ring of poison resistance
MPRegen 0.14/turn               a - +6 ring of strength

@: berserking, studying Polearms, very quick
A: horns 2, retaliatory headbutt
a: Renounce Religion, Berserk, Trog's Hand, Brothers in Arms


You were on level 2 of the Orcish Mines.
You worshipped Trog.
Trog was exalted by your worship.
You visited 3 branches of the dungeon, and saw 20 of its levels.
You also visited: Ossuary, Bailey and Volcano.

You collected 2114 gold pieces.
You spent 245 gold pieces at shops.

Inventory:

Hand Weapons
 i - the +7 executioner's axe of Guilt (weapon) {flame, rPois Will+ rCorr}
   (Trog gifted it to you on level 11 of the Dungeon)

   It burns those it strikes, dealing additional fire damage.
   Big, fiery blades are also staple armaments of hydra-hunters.
   rPois:     It protects you from poison.
   rCorr:     It protects you from acid and corrosion.
   Will:      It increases your willpower.
Missiles
 b - 40 poisoned darts (quivered)
 d - 10 boomerangs
 A - 6 boomerangs of dispersal
 H - 10 curare-tipped darts
 M - 4 throwing nets
 O - 4 javelins
Armour
 J - a +0 pair of gloves (worn)
 P - the +4 skin of Zhor {*Englaciate rC+++ SInv}
   (You found it in a bailey)

   It radiates cold, occasionally slowing all nearby creatures who are not
   resistant to cold.
   rC:        It renders you almost immune to cold.
   SInv:      It lets you see invisible.
 S - the +5 plate armour of Joikog {+Inv rN+}
   (You found it on level 4 of the Lair of Beasts)

   rN:        It protects you from negative energy.
   +Inv:      It lets you turn invisible.
 T - a +2 cloak (worn)
 W - the +2 plate armour of Dim Light (worn) {rPois rC+ Stlth+}
   (You found it on level 10 of the Dungeon)

   rC:        It protects you from cold.
   rPois:     It protects you from poison.
   Stlth:     It makes you more stealthy.
Jewellery
 a - a +6 ring of strength (right hand)
 q - a +4 ring of protection
 y - an amulet of regeneration (around neck)
 K - a ring of poison resistance (left hand)
 Z - a ring of flight
Wands
 n - a wand of flame (59)
 s - a wand of charming (26)
 C - a wand of mindburst (29)
 N - a wand of paralysis (8)
 V - a wand of digging (1)
Scrolls
 c - 9 scrolls of teleportation
 e - a scroll of torment {unknown}
 h - 7 scrolls of enchant weapon
 l - 7 scrolls of immolation
 m - 6 scrolls of blinking
 p - 4 scrolls of enchant armour
 r - a scroll of vulnerability {unknown}
 t - 6 scrolls of fear
 w - a scroll of silence {unknown}
 x - a scroll of summoning {unknown}
 z - 2 scrolls of acquirement
 E - a scroll of brand weapon {unknown}
 F - 3 scrolls of fog
 G - 2 scrolls of holy word {unknown}
 R - 2 scrolls of identify
 X - 2 scrolls of magic mapping {unknown}
Potions
 f - a potion of cancellation {unknown}
 g - 11 potions of curing
 j - 6 potions of magic
 k - a potion of flight {unknown}
 o - 5 potions of heal wounds
 u - 3 potions of might
 v - 4 potions of lignification
 B - 4 potions of haste
 D - a potion of berserk rage
 L - 3 potions of invisibility
 Y - a potion of resistance {unknown}
Miscellaneous
 U - a phantom mirror


   Skills:
 + Level 13.0 Fighting
 + Level 18.0 Axes
 + Level 12.8 Armour
 * Level 12.4 Dodging
 * Level 10.4 Stealth
 * Level 7.5 Evocations


You had 14 spell levels left.
You didn't know any spells.
Your spell library was empty.

Dungeon Overview and Level Annotations

Branches:
Dungeon (12/15)            Temple (0/1) D:6            Lair (6/6) D:11
  Swamp (0/4) Lair:4       Spider (0/4) Lair:3        Slime (0/5) Lair:6
    Orc (2/2) D:9         Ossuary (visited)          Bailey (visited)
Volcano (visited)
    Elf: Orc:2

Altars:
Ashenzari
Gozag
Okawaru
Xom
Lugonu

Shops:
D:5 !(!   D:6 (:*(   D:7 (

Portals:
Abyss: Lair:6


Innate Abilities, Weirdness & Mutations

You have a pair of horns on your head.
You reflexively headbutt those who attack you in melee.


Message History

The ogre mage completely misses you.
You closely miss the two-headed ogre. You headbutt the two-headed ogre!!
The two-headed ogre is heavily wounded.
You slice the ogre!! You burn the ogre.
You kill the ogre!
Trog accepts your kill.
The two-headed ogre hits you with a +0 giant club.
* * * LOW HITPOINT WARNING * * *
The two-headed ogre closely misses you.
The ogre mage hits you but does no damage.
You slice the two-headed ogre!! You burn the two-headed ogre!
You kill the two-headed ogre!
Trog accepts your kill. The ogre mage misses you.
You slice the ogre!! You burn the ogre.
You kill the ogre!
Trog accepts your kill. The ogre mage closely misses you.
You furiously retaliate!
You headbutt the ogre mage!
Things that are here:
a +0 giant club; an ogre corpse You dice the ogre mage like an onion!!!
You burn the ogre mage!
You kill the ogre mage!
Trog accepts your kill.
Trog appreciates your killing of a magic user.
You slash the ogre! You burn the ogre. You slash the ogre! You burn the ogre!
You hear a shout!
Your Axes skill increases to level 18!
You slash the ogre! You burn the ogre.
You kill the ogre!
Trog accepts your kill.
You slash the ogre! You burn the ogre.
You feel the power of Trog in you as your rage grows.
You kill the ogre!
Trog accepts your kill.
You slash the two-headed ogre! You burn the two-headed ogre.
You headbutt the two-headed ogre!
The two-headed ogre is heavily wounded.
The cyclops throws a large rock.
The large rock hits you!!
You die...

## #####.##
##.##.).##.
#...)@.#...$.
##..)O.......
#.......#...
##C##.......
####T.#...$...
##.#o...#..$...
#..o#..........
##o#.......$....
#.....#
##)##...........


You could see a two-headed ogre, a cyclops, a troll, an orc warrior and 2 orcs.

Vanquished Creatures
  A red draconian (Volcano)
  The ghost of Matius the Cleaver, a journeyman GnCK of Xom (Lair:1)
  Harold (D:7)
  3 boulder beetles
  3 hydras
  3 ogre magi
  11 death yaks
  A dancing weapon (Lair:1)
  10 two-headed ogres
  3 thrashing horrors (Lair:6)
  A deep troll (Orc:2)
  An obsidian statue (Volcano)
  A bog body (Lair:4)
  2 ugly things (Lair:6)
  An orc knight (Bailey)
  An orc sorcerer (Bailey)
  A cyclops (D:11)
  A manticore (Lair:5)
  Joseph (D:8)
  15 elephants
  A guardian serpent (shapeshifter) (Lair:6)
  2 black mambas
  A water nymph (shapeshifter) (Lair:6)
  2 torpor snails
  11 cane toads
  A gargoyle (D:11)
  6 rime drakes
  9 komodo dragons
  2 kobold demonologists
  2 ancient zymes (Lair:6)
  Grinder (D:6)
  2 polar bears (Lair:1)
  11 trolls
  Prince Ribbit (D:7)
  19 blink frogs
  2 jumping spiders (Lair:3)
  2 large abominations (Lair:6)
  A culicivora (Lair:3)
  A culicivora (shapeshifter) (Lair:6)
  3 wraiths
  33 yaks
  2 humans (D:11)
  2 spriggans (Lair:6)
  A ynoxinul (Lair:6)
  12 wyverns
  13 basilisks
  6 fire bats (Volcano)
  Menkaure (D:4)
  4 chaos spawn (Lair:6)
  2 steam dragons
  Edmund (D:6)
  A warg (Orc:2)
  15 water moccasins
  13 small abominations (Lair:6)
  A sky beast (D:7)
  2 black bears (D:5)
  21 orc warriors
  9 ogres
  3 centaurs
  A phantom (D:6)
  An elf zombie (Ossuary)
  5 kobold brigands
  7 bullfrogs
  A gnoll sergeant (D:11)
  2 scorpions
  A troll zombie (Ossuary)
  20 killer bees
  9 wights
  8 electric eels
  15 jellies
  3 howler monkeys (D:10)
  7 lava snakes (Volcano)
  A bullfrog zombie (D:5)
  5 centaur zombies
  5 hounds
  9 orc priests
  A bullfrog skeleton (D:5)
  A centaur skeleton (D:5)
  Jessica (D:2)
  Ijyb (D:5)
  An iguana (D:7)
  14 orc wizards
  Natasha (thrice) (D:4)
  8 hell rats (Lair:5)
  3 killer bee zombies
  2 ogre zombies (Ossuary)
  3 hound skeletons
  7 mummies (Ossuary)
  A howler monkey zombie (D:9)
  13 gnolls
  5 adders
  A howler monkey skeleton (D:7)
  A white imp (D:8)
  6 adder zombies (Ossuary)
  An adder skeleton (D:4)
  4 worms
  3 dart slugs
  54 orcs
  7 bats
  12 endoplasms
  2 giant cockroaches (D:4)
  9 goblins
  11 hobgoblins
  8 jackals
  25 kobolds
  4 quokkas
  7 ball pythons
  6 frilled lizards
  3 goblin zombies (Ossuary)
  6 hobgoblin zombies (Ossuary)
  4 kobold zombies (Ossuary)
  An orc zombie (Ossuary)
  A quokka zombie (Ossuary)
  2 rats
  3 rat zombies (Ossuary)
  A bush (Lair:5)
630 creatures vanquished.

Vanquished Creatures (others)
  A two-headed ogre (Volcano)
  An unseen horror (D:11)
  An orc (D:7)
  2 kobolds (D:7)
  12 fungi
  30 plants
47 creatures vanquished.

Grand Total: 677 creatures vanquished

Notes
Turn   | Place    | Note
-------+----------+-------------------------------------------
     0 | D:1      | Desron the Minotaur Berserker began the quest for the Orb.
     0 | D:1      | Reached XP level 1. HP: 19/19 MP: 0/0
   243 | D:1      | Reached skill level 4 in Axes
   243 | D:1      | Reached XP level 2. HP: 21/27 MP: 1/1
   672 | D:1      | Reached XP level 3. HP: 31/33 MP: 2/2
  1080 | D:2      | Noticed Jessica
  1096 | D:2      | Killed Jessica
  1236 | D:2      | Reached ** piety under Trog
  1237 | D:2      | Reached XP level 4. HP: 41/41 MP: 3/3
  1358 | D:2      | Reached skill level 1 in Stealth
  1565 | D:2      | Found a faded altar of an unknown god.
  2600 | D:3      | Reached skill level 5 in Axes
  2600 | D:3      | Reached XP level 5. HP: 5/47 MP: 4/4
  3596 | D:4      | Noticed Natasha
  3607 | D:4      | Killed Natasha
  3608 | D:4      | Reached XP level 6. HP: 43/53 MP: 5/5
  3705 | D:4      | Noticed Menkaure
  3715 | D:4      | Killed Menkaure
  3716 | D:4      | Reached skill level 5 in Fighting
  3716 | D:4      | Reached skill level 6 in Axes
  3843 | D:4      | Reached *** piety under Trog
  4250 | D:4      | Reached XP level 7. HP: 54/61 MP: 6/6
  4381 | D:4      | Noticed Natasha
  4387 | D:4      | Killed Natasha
  4396 | D:4      | Noticed Natasha
  4403 | D:4      | Killed Natasha
  4420 | D:5      | Entered Level 5 of the Dungeon
  4477 | D:5      | Reached skill level 7 in Axes
  4604 | D:5      | Reached skill level 5 in Armour
  4604 | D:5      | Reached XP level 8. HP: 37/69 MP: 7/7
  4610 | D:5      | Reached skill level 5 in Dodging
  4994 | D:5      | Found Ofominen's Distillery.
  4994 | D:5      | Noticed Ijyb
  5008 | D:5      | Killed Ijyb
  5139 | D:5      | Found Gasaofau's Antique Weapon Boutique.
  5140 | D:5      | Bought a potion of might for 56 gold pieces
  5140 | D:5      | Bought a potion of lignification for 42 gold pieces
  5140 | D:5      | Bought a potion of heal wounds for 70 gold pieces
  5140 | D:5      | Bought a potion of curing for 42 gold pieces
  5340 | D:5      | Found Bidohor's Distillery.
  5948 | D:6      | Found Zuiff's Weapon Shoppe.
  6026 | D:6      | Found Paap's Book Emporium.
  6069 | D:6      | Found a sand-covered staircase.
  6081 | Ossuary  | Entered an ossuary
  6209 | Ossuary  | Reached skill level 8 in Axes
  6733 | D:6      | Found Jeos All's Weapon Boutique.
  6733 | D:6      | Found Hinal's General Store.
  6756 | D:6      | Noticed Grinder
  6768 | D:6      | Killed Grinder
  6769 | D:6      | Reached XP level 9. HP: 52/78 MP: 8/8
  6799 | D:6      | Noticed Edmund
  6810 | D:6      | Killed Edmund
  6811 | D:6      | Reached skill level 9 in Axes
  6941 | D:6      | Found a staircase to the Ecumenical Temple.
  7094 | D:6      | Reached **** piety under Trog
  7131 | D:6      | Bought 5 boomerangs for 35 gold pieces
  7306 | D:7      | Found Ereggaraq's Weapon Boutique.
  7370 | D:7      | Noticed Prince Ribbit
  7390 | D:7      | Killed Prince Ribbit
  7456 | D:7      | Reached skill level 5 in Stealth
  7575 | D:7      | Noticed a troll
  7580 | D:7      | Killed a troll
  7581 | D:7      | Reached skill level 10 in Axes
  7876 | D:7      | Noticed Harold
  7888 | D:7      | Killed Harold
  7889 | D:7      | Reached XP level 10. HP: 51/86 MP: 9/9
  7959 | D:7      | You fall into a shaft and drop 2 floors!
  8069 | D:9      | Found a broken altar of Ashenzari.
  8192 | D:8      | Reached skill level 11 in Axes
  8224 | D:8      | Noticed Joseph
  8236 | D:8      | Killed Joseph
  8528 | D:8      | Found a flagged portal.
  8539 | Bailey   | Entered a bailey
  8981 | Bailey   | Found an iron altar of Okawaru.
  8981 | Bailey   | Noticed an orc knight
  8981 | Bailey   | Noticed an orc sorcerer
  8992 | Bailey   | Noticed a soul eater
  8992 | Bailey   | Killed an orc knight
  8994 | Bailey   | Killed an orc sorcerer
  8995 | Bailey   | Reached skill level 12 in Axes
  9029 | Bailey   | Found the +4 skin of Zhor {*Englaciate rC+++ SInv}
  9051 | Bailey   | Identified the +3 hand axe of Umukki {elec, Fly rElec rN+
                  | Will-}
  9052 | Bailey   | Identified the +1 whip "Ruliusim" {elec, Fly rN+++ rCorr
                  | Str-3}
  9577 | D:8      | Reached XP level 11. HP: 95/95 MP: 10/10
 10626 | D:9      | Found a staircase to the Orcish Mines.
 10706 | D:9      | Reached ***** piety under Trog
 10786 | D:9      | Noticed a two-headed ogre
 10796 | D:9      | Killed a two-headed ogre
 10797 | D:9      | Reached skill level 1 in Evocations
 10973 | D:10     | Entered Level 10 of the Dungeon
 11032 | D:10     | Noticed a two-headed ogre
 11039 | D:10     | Killed a two-headed ogre
 11087 | D:10     | Identified the +2 plate armour of Dim Light {rPois rC+
                  | Stlth+}
 11520 | D:10     | Reached skill level 10 in Fighting
 11520 | D:10     | Reached skill level 13 in Axes
 11520 | D:10     | Reached skill level 10 in Armour
 11520 | D:10     | Reached XP level 12. HP: 106/106 MP: 11/11
 11723 | D:11     | Found a staircase to the Lair.
 11807 | D:11     | Identified the +7 executioner's axe of Guilt {flame, rPois
                  | Will+ rCorr} (Trog gifted it to you on level 11 of the
                  | Dungeon)
 11807 | D:11     | Received a gift from Trog
 12008 | D:11     | Noticed a two-headed ogre
 12014 | D:11     | Killed a two-headed ogre
 12015 | D:11     | Reached skill level 14 in Axes
 12052 | D:11     | Found an iron altar of Okawaru.
 12066 | D:11     | Reached skill level 10 in Dodging
 12249 | D:11     | Noticed a two-headed ogre
 12258 | D:11     | Killed a two-headed ogre
 12259 | D:11     | Reached XP level 13. HP: 63/114 MP: 12/12
 13004 | D:12     | Found an opulent altar of Gozag.
 13345 | Lair:1   | Entered Level 1 of the Lair of Beasts
 13346 | Lair:1   | Found a runed translucent door.
 13346 | Lair:1   | Found a shimmering altar of Xom.
 13346 | Lair:1   | Noticed Matius's ghost (journeyman GnCK)
 13978 | Lair:1   | Killed Matius's ghost
 13979 | Lair:1   | Reached skill level 5 in Evocations
 14244 | Lair:2   | Found a dark tunnel.
 14254 | Volcano  | Entered a volcano
 14288 | Volcano  | Reached skill level 15 in Axes
 14417 | Volcano  | Noticed a red draconian
 14425 | Volcano  | Killed a red draconian
 14651 | Volcano  | Found a bloodstained altar of Trog.
 15507 | Lair:3   | Found a hole to the Spider Nest.
 16278 | Lair:4   | Found a staircase to the Swamp.
 16333 | Lair:4   | Reached XP level 14. HP: 117/125 MP: 13/13
 16767 | Lair:4   | Found a runed translucent door.
 17086 | Lair:4   | Reached skill level 16 in Axes
 17172 | Lair:4   | Identified the +5 plate armour of Joikog {+Inv rN+}
 17484 | Lair:5   | Received a gift from Trog
 18075 | Lair:6   | Entered Level 6 of the Lair of Beasts
 18277 | Lair:6   | Identified the +3 ring mail of Caustic the Leaf {rPois
                  | Regen+ rCorr Int-4}
 18438 | Lair:6   | Found a staircase to the Slime Pits.
 18454 | Lair:6   | Received a gift from Trog
 18457 | Lair:6   | Reached ****** piety under Trog
 18780 | Lair:6   | Reached skill level 17 in Axes
 19198 | Lair:6   | Reached skill level 10 in Stealth
 19270 | Lair:6   | Received a gift from Trog
 19560 | Lair:6   | Reached XP level 15. HP: 134/134 MP: 14/14
 19645 | Lair:6   | Found a corrupted altar of Lugonu.
 19645 | Lair:6   | Found a one-way gate to the infinite horrors of the Abyss.
 19910 | Orc:1    | Entered Level 1 of the Orcish Mines
 20069 | Orc:2    | Entered Level 2 of the Orcish Mines
 20130 | Orc:2    | Received a gift from Trog
 20139 | Orc:2    | HP: 2/135 [two-headed ogre/+0 giant club (19)]
 20144 | Orc:2    | HP: 5/202 [two-headed ogre/+0 giant club (3)]
 20149 | Orc:2    | Reached skill level 18 in Axes
 20150 | Orc:2    | Hit by a large rock thrown by a cyclops

Illustrated notes

Levels and vault maps discovered:
D:1:      sevenhm_arrival_forest_fort_small_6, layout_basic,
          minmay_misc_feat_iff, minmay_misc_feat_square
D:2:      layout_basic, nicolae_ecumenical_oubliette, serial_forest,
          infiniplex_forest_clump_small, infiniplex_forest_3_way,
          infiniplex_forest_straight_4, infiniplex_forest_lined_1,
          infiniplex_forest_straight_1, infiniplex_forest_clump_C,
          infiniplex_forest_lined_room_3, infiniplex_forest_corner_1,
          infiniplex_forest_lined_room_2, infiniplex_forest_straight_3,
          uniq_jessica
D:3:      layout_loops_corners
D:4:      layout_loops_cross, uniq_natasha, uniq_menkaure
D:5:      layout_layer_cave, serial_shops, shop, nicolae_take_the_stairs, shop,
          uniq_ijyb
D:6:      layout_basic, minmay_temple_entry_proselytizer, serial_shops,
          kennysheep_mini_moat, shop, shop, nicolae_shop_bloodbath_and_beyond,
          nicolae_ossuary_entry_monument, nrook_pool_corridor, uniq_edmund,
          uniq_grinder
D:7:      layout_loops_ring, nicolae_stop_n_shop_2, minmay_small_thing,
          uniq_harold, uniq_prince_ribbit1
D:8:      layout_basic, enter_bailey_2, uniq_joseph
D:9:      layout_small_grid, cheibrodos_ashenzari_chains, david_orc_2
D:10:     layout_cave_pools
D:11:     layout_long_grid, minmay_lair_entry_grove, okawaru_humans
D:12:     layout_gridville, grunt_gozag_statues
Lair:1:   layout_roguey, ebering_ghost_xom, hangedman_lair_unloving_vines
Lair:2:   layout_roguey, nicolae_volcano_entry_hallway,
          infiniplex_staircase_pool_2, lemuel_fruit_fields
Lair:3:   layout_loops_ring, spider_nest_entry_funnel_web
Lair:4:   layout_gridlike, skrybe_swamp_entry_bodies, pf_torpor_hydra,
          serial_bayou_shore_a
Lair:5:   layout_long_grid, special_room [special_room_mythical_zoo]
Lair:6:   hellmonk_lair_end_abyssal_woods, layout_misc_corridors,
          minmay_slime_entry_jelly_boxes, st_stairs_8
Orc:1:    layout_caves, nicolae_orc_damp_corner, uniq_sonja
Orc:2:    st_orc_open, layout_caves, gammafunk_ghost_split

Skill      XL: |  1  2  3  4  5  6  7  8  9 10 11 12 13 14 15 |
---------------+----------------------------------------------+-----
Axes           | 4 5 6 7 8 10 12 13 14 15 17 18 | 18.0
Fighting       | 4 5 6 7 8 10 11 12 13 | 13.0
Armour         | 3 4 5 6 7 8 10 11 12 | 12.8
Stealth        | 1 2 3 4 5 6 7 8 9 10 | 10.4
Dodging        | 3 4 6 7 8 9 10 11 12 | 12.4
Evocations     | 3 4 6 7 |  7.5

Action                   |  1- 3 |  4- 6 |  7- 9 | 10-12 | 13-15 || total
-------------------------+-------+-------+-------+-------+-------++-------
Melee: Hand axe          |    74 |   145 |    67 |   349 |     3 ||   638
       Headbutt          |     7 |    20 |    59 |    83 |   116 ||   285
       Punch             |     1 |     4 |     2 |     7 |       ||    14
       War axe           |       |       |   210 |    56 |       ||   266
       Executioner's axe |       |       |       |    22 |   524 ||   546
Invok: Berserk           |     1 |     1 |     7 |     6 |    11 ||    26
       Trog's Hand       |       |       |       |     2 |     2 ||     4
  Use: Scroll            |       |       |     1 |    11 |     3 ||    15
       Potion            |       |       |       |     1 |       ||     1
 Stab: Sleeping          |       |       |     3 |       |       ||     3
Armor: Animal skin       |     5 |       |       |       |       ||     5
       Ring mail         |    29 |    41 |    64 |       |       ||   134
       Chain mail        |       |       |    41 |    70 |       ||   111
       Plate armour      |       |       |       |   124 |   424 ||   548
Dodge: Dodged            |    38 |    93 |   199 |   213 |   410 ||   953
